 Dungeon Crawl Stone Soup version 0.17.1-3-g152610e (webtiles) character file.

6798 Romlok the Carver (level 11, -1/46 HPs)
             Began as a Vine Stalker Air Elementalist on Apr 25, 2016.
             Was a High Priest of Okawaru.
             Shot with an arrow by a centaur (6 damage)
             ... on level 11 of the Dungeon on Apr 26, 2016.
             The game lasted 03:02:12 (13897 turns).

Romlok the Carver (Vine Stalker Air Elementalist)  Turns: 13897, Time: 03:02:12

Health: -1/46      AC:  8    Str: 11    XL:     11   Next: 5%
Magic:  0/28       EV: 24    Int: 13    God:    Okawaru [*****.]
Gold:   692        SH:  0    Dex: 23    Spells: 2 memorised, 16 levels left

rFire  . . .     SeeInvis .     C - +1 scimitar (curse)
rCold  . . .     Clarity  .     M - +0 troll leather armour
rNeg   . . .     SustAt   .     (no shield)
rPois  +         Gourm    .     j - +1 hat
rElec  .         Spirit   +     L - +0 cloak
rCorr  .         Warding  .     (no gloves)
rMut   .         Stasis   .     (no boots)
MR     +....                    (no amulet)
Stlth  +++++.....               N - ring of magical power
                                t - ring of poison resistance

@: agile, heroism, very slightly contaminated, somewhat resistant to hostile
enchantments, quite stealthy
A: fangs 3, icy blue scales 1, dopey 1, frail 1, regeneration 2, magic shield,
antimagic bite, no device heal 3, rot immunity
a: Heroism, Finesse, Renounce Religion


You were on level 11 of the Dungeon.
You worshipped Okawaru.
Okawaru was extremely pleased with you.
You were not hungry.

You visited 2 branches of the dungeon, and saw 12 of its levels.

You collected 692 gold pieces.

Inventory:

Hand Weapons
 k - a +0 spear
 p - the +1 whip of Wycom {drain, rPois Int+2 Dex+3}
   (You found it on level 4 of the Dungeon)

   A truly terrible weapon, it drains the life of those it strikes.
   It affects your intelligence (+2).
   It affects your dexterity (+3).
   It protects you from poison.
 q - a +1 long sword
 s - a +0 dagger of draining
 A - a +0 dagger of venom
 C - a cursed +1 scimitar (weapon)
 K - a +3 spear of pain
 Y - a +1 short sword of venom
Missiles
 g - 6 tomahawks (quivered)
 l - 3 javelins
 X - 3 tomahawks of returning
Armour
 j - a +1 hat (worn)
 L - a +0 cloak (worn)
 M - a +0 troll leather armour (worn)
 T - the +1 robe of Voel Ehaff {Regen+ Slay-3 SInv}
   (You found it on level 10 of the Dungeon)

   It affects your accuracy and damage with ranged weapons and melee attacks
   (-3).
   It lets you see invisible.
   It increases your rate of regeneration.
Rods
 S - a +0 rod of clouds (9/9)
   (You found it on level 10 of the Dungeon)
Jewellery
 t - a ring of poison resistance (left hand)
 F - an uncursed ring of poison resistance
 I - an uncursed ring of wizardry
 N - a ring of magical power (right hand)
Wands
 y - a wand of magic darts (23)
 E - a wand of draining (5)
 H - a wand of hasting (0)
 J - a wand of teleportation (0)
 P - a wand of magic darts (14)
 V - a wand of teleportation (2)
Scrolls
 f - 5 scrolls of remove curse
 h - a scroll of magic mapping
 o - 2 scrolls of enchant armour
 u - 3 scrolls of enchant weapon
 w - 4 scrolls of blinking
 x - 5 scrolls of identify
 z - 2 scrolls of teleportation
 Q - a scroll of recharging
 U - a scroll of silence
Potions
 d - 4 potions of might
 e - 4 potions of magic
 v - 4 potions of curing
 O - a potion of brilliance
Books
 b - a book of Air

   Spells                             Type                      Level
   a - Shock                          Conjuration/Air              1
   b - Swiftness                      Charms/Air                   2
   c - Repel Missiles                 Charms/Air                   2
   d - Static Discharge               Conjuration/Air              3
   e - Lightning Bolt                 Conjuration/Air              5
 i - a book of Enchantments

   Spells                             Type                      Level
   a - Cause Fear                     Hexes                        4
   b - Silence                        Hexes/Air                    5
   c - Deflect Missiles               Charms/Air                   6
   d - Haste                          Charms                       6
   e - Discord                        Hexes                        8
 B - a book of Battle

   Spells                             Type                      Level
   a - Infusion                       Charms                       1
   b - Shroud of Golubria             Charms/Translocation         2
   c - Song of Slaying                Charms                       2
   d - Spectral Weapon                Hexes/Charms                 3
   e - Regeneration                   Charms/Necromancy            3
 G - a book of Fire

   Spells                             Type                      Level
   a - Ignite Poison                  Fire/Transmutation/Poison    3
   b - Fireball                       Conjuration/Fire             5
   c - Bolt of Fire                   Conjuration/Fire             6
   d - Delayed Fireball               Conjuration/Fire             7
   e - Ring of Flames                 Charms/Fire                  7
 R - a book of Summonings

   Spells                             Type                      Level
   a - Recall                         Summoning/Translocation      3
   b - Aura of Abjuration             Summoning                    5
   c - Shadow Creatures               Summoning                    5
   d - Summon Demon                   Summoning                    5
   e - Summon Forest                  Summoning/Translocation      5
   f - Summon Mana Viper              Hexes/Summoning              5
Comestibles
 c - 4 bread rations
 m - 6 meat rations
 r - 2 beef jerkies
 D - 16 fruits


   Skills:
 - Level 3.1(8.1) Fighting
 * Level 12.2(17.2) Long Blades
 + Level 2.9(7.9) Armour
 - Level 2.5(7.5) Dodging
 - Level 2.4(7.4) Stealth
 - Level 4.7 Spellcasting
 - Level 1.0 Conjurations
 - Level 6.5 Air Magic


You had 16 spell levels left.
You knew the following spells:

 Your Spells              Type           Power        Failure   Level  Hunger
a - Shock                 Conj/Air       ##..         8%          1    None
f - Repel Missiles        Chrm/Air       ##....       12%         2    ##.....


Dungeon Overview and Level Annotations

Branches:
Dungeon (11/15)            Temple (1/1) D:4            Lair (0/8) D:8
    Orc (0/4) D:11

Altars:
Ashenzari
Cheibriados
Dithmenos
Elyvilon
Fedhas
Gozag
Kikubaaqudgha
Makhleb
Nemelex Xobeh
Okawaru
Qazlal
Ru
Sif Muna
Trog
Vehumet
Xom
Yredelemnul
Zin
The Shining One

Annotations:
D:2 Sigmund
D:4 Blork the orc, Edmund
D:8 Nekros's ghost, journeyman DrBe


Innate Abilities, Weirdness & Mutations

You have razor-sharp teeth.
You heal very quickly.
When hurt, damage is shared between your health and your magic reserves.
Your bite disrupts and absorbs the magic of your enemies.
Potions and wands cannot restore your health.
You are immune to rotting.
You are partially covered in icy blue scales (AC +1).
You are dopey. (Int -2)
You are frail (-10% HP).


Message History

As you read the scroll of blinking, it crumbles to dust.
Casting: Repel Missiles
Confirm with . or Enter, or press ? or * to list all spells.
You miscast Repel Missiles.
Nothing appears to happen.
The centaur wields an uncursed shortbow.
The centaur shoots an arrow.
The arrow hits you!
* * * LOW HITPOINT WARNING * * *
The centaur shoots an arrow.
The arrow hits you but does no damage.
Read which item? (? for menu, Esc to quit)
Okay, then.
Read which item? (? for menu, Esc to quit)
Okay, then.
Evoke which item? (* to show all) (? for menu, Esc to quit)
Okay, then.
Drink which item? (? for menu, Esc to quit)
You feel agile all of a sudden.
The centaur shoots an arrow.
The arrow hits you.
* * * LOW HITPOINT WARNING * * *
The centaur shoots an arrow.
The arrow hits you.
You die...

#.......#....#...#.# ..≈.§
#.......#.##.#####.###..≈.
#.......#.#........#(##..≈
#.....[.###....#####..##..
####..........c.c(.c...##.
#....#######.........##
#....#.....#..........#
#....#.....#.c###.c....
#@....#..#.#'###..
#.....'c.#.....#..
#.....#.##....##..
####'##.#.....#...
........#.....#...
......c§###(###...
......(.c(c...(...
..................
..................


You could see 3 centaurs.

Vanquished Creatures
  Maurice (D:10)
  2 trolls
  A deep elf mage (D:9)
  A yak (D:8)
  A deep elf fighter (D:8)
  A hungry ghost (D:9)
  Grum (D:8)
  4 wolves
  A water moccasin (D:8)
  An orc warrior (D:11)
  7 sky beasts
  A phantom (D:4)
  3 ice beasts
  3 centaurs
  5 ogres
  A wasp (D:8)
  2 crocodiles (D:8)
  7 giant frogs
  A scorpion (D:8)
  4 killer bees (D:7)
  9 wights (D:6)
  3 jellies
  A giant frog zombie (D:8)
  A crimson imp (D:6)
  A giant frog skeleton (D:7)
  8 hounds
  7 orc priests
  5 orc wizards
  A centaur zombie (D:6)
  A centaur skeleton (D:8)
  3 iguanas
  10 worker ants
  Natasha (thrice) (D:3 D:4)
  A killer bee zombie (D:10)
  A hound zombie (D:10)
  A hound skeleton (D:6)
  Robin (D:2)
  9 adders
  12 gnolls
  3 river rats (D:8)
  A shadow imp (D:8)
  An ooze (D:2)
  2 adder zombies
  An adder skeleton (D:6)
  7 worms
  3 giant geckos
  44 orcs
  2 ball pythons
  17 bats
  5 giant cockroaches
  8 hobgoblins
  7 jackals
  7 kobolds
  5 quokkas
  2 giant gecko skeletons
  6 giant newts
  14 goblins
  A jackal skeleton (D:5)
  14 rats
  A fungus (D:8)
277 creatures vanquished.

Vanquished Creatures (others)
  16 fungi (D:8)
  3 plants (D:8)
19 creatures vanquished.

Grand Total: 296 creatures vanquished

Notes
Turn   | Place    | Note
--------------------------------------------------------------
     0 | D:1      | Romlok the Vine Stalker Air Elementalist began the quest for the Orb.
     0 | D:1      | Reached XP level 1. HP: 9/9 MP: 4/4
   288 | D:1      | Reached XP level 2. HP: 13/13 MP: 1/6
   724 | D:2      | Reached XP level 3. HP: 14/16 MP: 1/8
   808 | D:2      | Noticed Robin
   992 | D:2      | Gained mutation: You are dopey. (Int -2) [potion of mutation]
   992 | D:2      | Gained mutation: You are partially covered in icy blue scales (AC +1). [potion of mutation]
   992 | D:2      | Gained mutation: You are frail (-10% HP). [potion of mutation]
  1447 | D:2      | Noticed Sigmund
  1751 | D:2      | Reached XP level 4. HP: 12/18 MP: 0/10
  2035 | D:2      | Killed Robin
  2198 | D:2      | Reached skill level 4 in Spellcasting
  2203 | D:2      | HP: 1/27 [jackal (2)]
  2481 | D:3      | Found an opulent altar of Gozag.
  2522 | D:3      | Found an iron altar of Okawaru.
  2530 | D:3      | Became a worshipper of Warmaster Okawaru
  2694 | D:3      | Reached XP level 5. HP: 22/22 MP: 8/12
  2697 | D:3      | Reached skill level 1 in Fighting
  3221 | D:3      | Gained mutation: You heal very quickly. [Vine Stalker growth]
  3221 | D:3      | Reached XP level 6. HP: 27/27 MP: 9/14
  3679 | D:3      | Noticed Natasha
  3695 | D:3      | Killed Natasha
  3695 | D:3      | Reached skill level 5 in Air Magic
  3915 | D:4      | Got a faintly glowing whip
  3916 | D:4      | Identified the cursed +1 whip of Wycom {drain, rPois Int+2 Dex+3} (You found it on level 4 of the Dungeon)
  3967 | D:4      | Noticed Edmund
  4271 | D:4      | Noticed Blork the orc
  4481 | D:4      | Reached * piety under Okawaru
  4481 | D:4      | Reached skill level 6 in Air Magic
  4481 | D:4      | Reached XP level 7. HP: 29/29 MP: 5/15
  4597 | D:4      | Found a staircase to the Ecumenical Temple.
  4605 | Temple   | Entered the Ecumenical Temple
  4665 | D:4      | Noticed Natasha
  4678 | D:4      | Killed Natasha
  4952 | D:4      | Noticed Natasha
  4961 | D:4      | Killed Natasha
  5247 | D:4      | Reached skill level 1 in Armour
  5343 | D:5      | Entered Level 5 of the Dungeon
  5553 | D:5      | Found a shattered altar of Ashenzari.
  5872 | D:5      | Reached ** piety under Okawaru
  5872 | D:5      | Gained mutation: You have razor-sharp teeth. [Vine Stalker growth]
  5872 | D:5      | Reached XP level 8. HP: 22/36 MP: 5/16
  5919 | D:5      | Found a shadowy altar of Dithmenos.
  6203 | D:5      | Found a sparkling altar of Nemelex Xobeh.
  6338 | D:6      | Reached skill level 1 in Long Blades
  7240 | D:6      | Reached skill level 5 in Long Blades
  7338 | D:6      | Reached *** piety under Okawaru
  7338 | D:6      | Reached XP level 9. HP: 36/39 MP: 7/17
  8002 | D:7      | Found a sparkling altar of Nemelex Xobeh.
  8042 | D:7      | Reached skill level 7 in Long Blades
  8294 | D:7      | Learned a level 2 spell: Repel Missiles
  8305 | D:7      | Found a shadowy altar of Dithmenos.
  8306 | D:7      | Found a radiant altar of Vehumet.
  8605 | D:7      | Found a sacrificial altar of Ru.
  8655 | D:7      | Reached skill level 8 in Long Blades
  9093 | D:8      | Reached **** piety under Okawaru
  9093 | D:8      | Reached skill level 9 in Long Blades
  9222 | D:8      | Noticed Grum
  9312 | D:8      | Reached XP level 10. HP: 30/44 MP: 5/18
  9483 | D:8      | Reached skill level 10 in Long Blades
  9495 | D:8      | Noticed Nekros's ghost (journeyman DrBe)
  9826 | D:8      | Found a blossoming altar of Fedhas.
 10288 | D:8      | Found an ancient bone altar of Kikubaaqudgha.
 10637 | D:8      | Found a staircase to the Lair.
 10852 | D:7      | Reached ***** piety under Okawaru
 10852 | D:7      | Reached skill level 11 in Long Blades
 10976 | D:8      | HP: 1/44 [Grum/spear (6)]
 11101 | D:8      | Killed Grum
 11787 | D:9      | Found a shimmering altar of Xom.
 11982 | D:10     | Entered Level 10 of the Dungeon
 12190 | D:10     | Noticed a hill giant
 12419 | D:10     | Got a warped robe
 12430 | D:10     | Identified the cursed +1 robe of Voel Ehaff {Regen+ Slay-3 SInv} (You found it on level 10 of the Dungeon)
 12520 | D:10     | Noticed Maurice
 12540 | D:10     | Killed Maurice
 12972 | D:11     | Reached skill level 12 in Long Blades
 12996 | D:11     | Identified a scroll of acquirement
 13341 | D:11     | Reached XP level 11. HP: 46/46 MP: 19/19
 13387 | D:11     | Found a staircase to the Orcish Mines.
 13897 | D:11     | Shot with an arrow by a centaur

Action                   |  1- 3 |  4- 6 |  7- 9 | 10-12 || total
-------------------------+-------+-------+-------+-------++-------
Melee: Unarmed           |     7 |       |       |       ||     7
       Short sword       |     2 |       |       |       ||     2
       Dagger            |     3 |    28 |       |       ||    31
       Spear             |       |    14 |       |       ||    14
       Whip              |       |     9 |   212 |   120 ||   341
       Scimitar          |       |       |       |    85 ||    85
Throw: Stone             |    27 |    16 |    49 |       ||    92
 Cast: Shock             |    67 |   112 |   194 |   204 ||   577
       Repel Missiles    |       |       |       |     3 ||     3
Invok: Heroism           |       |       |       |     3 ||     3
Evoke: Wand              |       |       |       |     1 ||     1
  Use: Potion            |     6 |     6 |     1 |     2 ||    15
       Scroll            |     5 |     4 |     1 |     8 ||    18
 Stab: Sleeping          |     1 |     4 |    11 |     3 ||    19
  Eat: Chunk             |     3 |     9 |    15 |    16 ||    43
       Bread ration      |       |       |       |     1 ||     1
       Fruit             |       |       |       |     1 ||     1
